 Dungeon Crawl Stone Soup version 0.22-a0-305-gd21a89c (webtiles) character file.

1059 Borgoz the Skirmisher (level 8, -3/70 HPs)
             Began as a Hill Orc Abyssal Knight on Mar 31, 2018.
             Was a Priest of Lugonu.
             Shot with an arrow by a centaur (12 damage)
             ... on level 5 of the Dungeon.
             The game lasted 00:19:57 (9334 turns).

Borgoz the Skirmisher (Hill Orc Abyssal Knight)     Turns: 9334, Time: 00:19:58

Health: -3/70      AC:  7    Str: 20    XL:     8   Next: 27%
Magic:  12/12      EV: 11    Int: 16    God:    Lugonu [***...]
Gold:   358        SH:  0    Dex: 12    Spells: 7/7 levels left

rFire    . . .     SeeInvis .   a - +1 hand axe
rCold    . . .     Gourm    .   (no shield)
rNeg     . . .     Faith    .   p - +0 scale mail
rPois    .         Spirit   .   (no helmet)
rElec    .         Reflect  .   (no cloak)
rCorr    .         Harm     .   (no gloves)
MR       .....                  (no boots)
Stlth    +.........             (no amulet)
HPRegen  0.21/turn              i - +4 ring of intelligence
MPRegen  0.13/turn              m - ring of stealth

@: mighty
A: no striking features
a: Depart the Abyss, Bend Space, Banish, Renounce Religion


You were on level 5 of the Dungeon.
You worshipped Lugonu.
Lugonu was most pleased with you.
You were not hungry.

You visited 1 branch of the dungeon, and saw 6 of its levels.
You visited the Abyss 1 time.
You also visited: Ossuary.

You collected 358 gold pieces.

Inventory:

Hand Weapons
 a - a +1 hand axe (weapon)
Armour
 p - a +0 scale mail (worn)
Jewellery
 i - a +4 ring of intelligence (left hand)
 m - a ring of stealth (right hand)
Wands
 t - a wand of polymorph (18)
Scrolls
 b - 2 scrolls of teleportation {unknown}
 d - 2 scrolls of remove curse
 g - 2 scrolls of magic mapping
 h - 2 scrolls of amnesia
 j - 2 scrolls of noise {unknown}
 o - a scroll of random uselessness {unknown}
 r - 3 scrolls of immolation
 s - 2 scrolls of fear
 w - 2 scrolls of enchant weapon {unknown}
 x - a scroll of torment {unknown}
Potions
 e - 5 potions of curing
 k - a potion of degeneration
 l - a potion of invisibility
 n - a potion of haste
 u - a potion of lignification
 v - a potion of mutation
Comestibles
 c - 10 rations


   Skills:
 + Level 6.1 Fighting
 + Level 6.1 Axes
 + Level 4.9 Armour
 + Level 3.4 Dodging
 + Level 6.0 Invocations


You had 7 spell levels left.
You didn't know any spells.

Dungeon Overview and Level Annotations

Branches:
Dungeon (6/15)             Temple (0/1) D:4

Altars:
The Shining One

Annotations:
D:3 Borgoz's ghost, amateur HOFi
D:6 Eustachio
Abyss:1 Edmund


Message History

A scorpion comes into view.
There is a stone staircase leading up here.
The bat closely misses you. The river rat closely misses you.
You climb upwards.
A centaur comes into view.
The centaur wields a shortbow.
The centaur shoots an arrow.
The arrow closely misses you.
The centaur shoots an arrow.
The arrow hits you!
* * * LOW HITPOINT WARNING * * *
There is a stone staircase leading down, spattered with blood here.
You see here 2 arrows.
Okay, then.
It was a potion of cancellation.
You feel magically purged.
The centaur shoots an arrow.
The arrow hits you!
* * * LOW HITPOINT WARNING * * *
You don't know any spells.
It was a potion of might.
You feel very mighty all of a sudden.
The centaur shoots an arrow.
The arrow barely misses you.
The centaur shoots an arrow.
The arrow hits you!
You die...

### ###### ..#
#..... #.# #.....
#.############.....
#..................
##>...........#.o...
#..@....#####..#####
#........# ##.#
#......c.# #.#
#........# #o.
#.......## ##.#
#.......# o.
#.......# #o.
#........ .. #..


You could see a centaur.

Vanquished Creatures
  An ice beast (D:6)
  An elf zombie (Ossuary)
  2 bullfrogs (D:6)
  A scorpion (D:6)
  A crimson imp (D:6)
  2 centaur zombies
  2 human zombies (Ossuary)
  2 worker ants
  4 ogre zombies (Ossuary)
  A hound skeleton (D:4)
  7 mummies (Ossuary)
  3 gnolls
  10 adders
  3 oozes
  3 adder zombies (Ossuary)
  2 adder skeletons
  A worm (D:3)
  2 dart slugs
  A leopard gecko (D:3)
  9 orcs
  2 ball pythons
  7 giant cockroaches
  8 goblins
  9 hobgoblins
  12 jackals
  2 quokkas (D:2)
  8 bats
  6 frilled lizards
  2 goblin zombies
  5 hobgoblin zombies (Ossuary)
  A jackal skeleton (D:6)
  6 kobolds
  5 kobold zombies (Ossuary)
  A leopard gecko skeleton (D:6)
  A quokka skeleton (D:6)
  6 quokka zombies
  10 rats
  3 rat zombies (Ossuary)
152 creatures vanquished.

Notes
Turn   | Place    | Note
-------+----------+-------------------------------------------
     0 | Abyss:1  | Borgoz the Hill Orc Abyssal Knight began the quest for the Orb.
     0 | Abyss:1  | Reached XP level 1. HP: 19/19 MP: 2/2
    51 | Abyss:2  | Found a corrupted altar of Lugonu.
    64 | Abyss:2  | Noticed a great orb of eyes
    73 | D:1      | Escaped the Abyss
   414 | D:1      | Reached skill level 1 in Dodging
   414 | D:1      | Reached XP level 2. HP: 27/27 MP: 3/3
   444 | D:1      | Reached * piety under Lugonu
   656 | D:1      | Reached XP level 3. HP: 20/33 MP: 5/5
  1093 | D:2      | Reached XP level 4. HP: 30/40 MP: 6/6
  2407 | D:2      | Reached XP level 5. HP: 8/47 MP: 7/7
  3486 | D:3      | Found a glowing golden altar of the Shining One.
  3622 | D:3      | Noticed Borgoz's ghost (amateur HOFi)
  3743 | D:3      | Reached ** piety under Lugonu
  4873 | D:4      | Found a staircase to the Ecumenical Temple.
  4912 | D:4      | Reached XP level 6. HP: 53/53 MP: 9/9
  5570 | D:4      | You fall through a shaft for 2 floors!
  5779 | D:6      | Reached skill level 5 in Fighting
  6127 | D:6      | Reached XP level 7. HP: 45/61 MP: 10/10
  6208 | D:5      | Entered Level 5 of the Dungeon
  6214 | D:5      | Reached skill level 5 in Axes
  6234 | D:5      | Found a sand-covered staircase.
  6246 | Ossuary  | Entered an ossuary
  6441 | Ossuary  | Reached skill level 5 in Invocations
  6532 | Ossuary  | Reached *** piety under Lugonu
  8198 | D:5      | Noticed Edmund
  8228 | D:5      | Banished Edmund
  8228 | D:5      | Reached XP level 8. HP: 11/70 MP: 12/12
  9271 | D:6      | Noticed Eustachio
  9334 | D:5      | Shot with an arrow by a centaur

Vault maps used:
D:1:      dpeg_arrival_prison
D:2:      minmay_pentomino_o2
D:3:      minmay_tree_intersection, tso_metal_star
D:4:      gammafunk_temple_overflow_statue, minmay_temple_entry_butterflies,
          chequers_big_river
D:5:      enter_ossuary_4, serial_shops, nicolae_shop_stone, first_ration,
          grunt_ministairs_4, uniq_edmund, uniq_sigmund
D:6:      uniq_eustachio
Abyss:1:  evilmike_abyss_exit_10
Abyss:2:  guppyfry_abyss_exit_spiral_guarded
Ossuary:  ossuary_boxes_badplayer

Skill      XL: |  1  2  3  4  5  6  7  8 |
---------------+-------------------------+-----
Dodging        | 1 2 3 |  3.4
Axes           | 3 4 5 6 |  6.1
Invocations    | 3 4 5 6 |  6.0
Fighting       | 4 5 6 |  6.1
Armour         | 3 4 |  4.9

Action                   |  1- 3 |  4- 6 |  7- 9 || total
-------------------------+-------+-------+-------++-------
Melee: Hand axe          |   119 |   305 |   387 ||   811
Invok: Depart the Abyss  |     1 |       |       ||     1
       Banish            |       |       |     1 ||     1
  Use: Scroll            |       |       |    13 ||    13
       Potion            |       |       |     3 ||     3
 Stab: Sleeping          |     1 |     1 |       ||     2
  Eat: Chunk             |     1 |    15 |     5 ||    21
       Ration            |       |       |     2 ||     2
Armor: Leather armour    |    50 |    17 |       ||    67
       Scale mail        |       |    83 |    99 ||   182
Dodge: Dodged            |    88 |   182 |   153 ||   423

Table legend:
 A = Spawn XP
 B = Non-spawn XP
 C = Spawn XP percentage of total XP
 D = Spawn monster count
 E = Non-spawn monster count
 F = Spawn count percentage of total count
 G = Total turns spent on level
                    A         B        C        D         E        F      G
               +---------+---------+-------+---------+---------+-------+---------
         Total |       0 |    1514 |   0.0 |       0 |     153 |   0.0 |  9334
               +---------+---------+-------+---------+---------+-------+---------
           D:1 |       0 |      69 |   0.0 |       0 |      30 |   0.0 |  1404
           D:2 |       0 |     124 |   0.0 |       0 |      28 |   0.0 |  2108
           D:3 |       0 |     100 |   0.0 |       0 |      25 |   0.0 |  1232
           D:4 |       0 |     115 |   0.0 |       0 |      15 |   0.0 |   753
           D:5 |       0 |     115 |   0.0 |       0 |       6 |   0.0 |   516
           D:6 |       0 |     500 |   0.0 |       0 |      12 |   0.0 |  1341
       Ossuary |       0 |     491 |   0.0 |       0 |      37 |   0.0 |  1907
               +---------+---------+-------+---------+---------+-------+---------
